AoeStats
← βolacha

Arabia

510535484Analyzed
2v2 RM · 2d ago on Oct 1, 2026· 21m 14s· 4 players
Game mode
Random Map
Map size
Medium (4 player)
Population
200
Speed
Normal
Resources
Standard
Victory
Conquest
Starting age
Dark Age
Ending age
Imperial Age
RankedLock teamsTeams togetherTeam positionsShared explorationLock speedFull tech treeHidden civsTurbo modeCheats
Victory
Defeat
🇨🇳 Vietnamese · China
1141
+13
🇨🇳 Wei · China
1141
+13
🇧🇷 Vikings · Brazil
1094
-14
🇧🇷 Portuguese · Brazil
1056
-12
βolacha
8:19 Loom
10:44 Feudal Age
Viniciussgg
6:56 Loom
9:53 Feudal Age
10:49 Double-Bit Axe
20:54 Horse Collar
474269844
6:15 Loom
9:57 Feudal Age
10:00 Man-at-Arms
11:51 Double-Bit Axe
19:31 Fletching
qwert12356
3:32 Loom
10:15 Feudal Age
10:20 Man-at-Arms
19:42 Castle Age
18:46 Double-Bit Axe
18:53 Horse Collar
21:07 Bloodlines
Connection lost

Rejoining the realm…

Still unreachable

The connection could not be restored.

Session expired

The server has moved on; the page needs a fresh start.